Map: Dusty Gorge

Players

Volconage

  • Race: Terran Terran
  • League: Gold
  • Spawn Location: 5:00

rest

  • Race: Protoss Protoss
  • League: Silver
  • Spawn Location: 3:00

ILIEKEGGPIE - Winner!

  • Race: Zerg Zerg
  • League: Platinum
  • Spawn Location: 11:00

puzan - Winner!

  • Race: Terran Terran
  • League: Gold
  • Spawn Location: 9:00

VOD

Have the link to the VOD?

Description

Time

  • Played on: May 12, 2018, 2:49 p.m.
  • Length: 13:53
Show
View Real Time Build Order
Export as new Build Order

Volconage Terran 

Build Orders: Cyclone Opening 

Get SALT Encoding   

  12  0:02  SCV  
  13  0:14  SCV  
  14  0:19  Supply Depot  
  14  0:26  SCV  
  15  0:30  Refinery  
  15  0:40  SCV  
  16  0:46  Barracks  
  16  0:52  SCV  
  17  1:04  SCV  
  18  1:16  SCV  
  19  1:19  Supply Depot  
  19  1:32  Refinery  
  19  1:33  Orbital Command  
  19  1:40  Factory  
  19  1:49  Barracks Reactor  
  19  1:58  SCV  
  20  2:10  SCV  
  21  2:23  SCV  
  22  2:35  SCV  
  23  2:37  Cyclone x2  
  29  2:47  SCV  
  30  2:58  Command Center  
  30  3:01  SCV  
  31  3:07  Supply Depot  
  31  3:32  SCV  
  31  3:34  Cyclone x2  
  38  3:40  Supply Depot  
  38  3:46  Factory  
  38  3:59  SCV  
  39  4:15  SCV  
  24  4:37  Orbital Command  
  20  4:54  Hellion  
  20  4:55  Hellion  
  21  5:10  SCV x2  
  23  5:22  SCV x2  
  25  5:34  SCV x2  
  27  5:46  SCV x2  
  29  6:03  SCV x2  
  31  6:15  SCV x2  
  33  6:33  SCV x2  
  33  6:45  SCV x2  
  33  6:59  Factory Reactor  
  33  7:02  Cyclone x2  
  33  7:07  SCV  
  40  7:09  SCV  
  41  7:21  Armory  
  41  7:40  SCV x2  
  43  7:52  SCV x2  
  45  8:04  SCV x2  
  47  8:16  SCV x2  
  47  8:18  Terran Vehicle Weapons Level 1  
  49  8:20  Cyclone x2  
  49  8:22  Cyclone  
  49  8:27  Cyclone  
  61  8:28  SCV  
  61  8:30  Supply Depot  
  61  8:34  SCV  
  63  8:35  Supply Depot  
  63  8:36  Supply Depot  
  63  8:40  SCV  
  64  8:45  Factory  
  64  8:46  SCV  
  65  8:49  Command Center  
  65  8:52  Refinery  
  65  8:53  Refinery, SCV  
  66  8:58  SCV  
  67  9:05  SCV  
  68  9:10  SCV  
  69  9:29  Factory Tech Lab  
  69  9:42  SCV x2  
  71  9:52  Engineering Bay  
  71  9:54  SCV x2  
  71  9:55  Armory  
  71  9:58  Cyclone x4  
  85  10:02  Orbital Command  
  85  10:25  Siege Tank  
  88  10:30  Hellion x4  
  81  10:48  Terran Vehicle Weapons Level 2  
  81  10:49  Terran Vehicle And Ship Armor Level 1  
  66  10:51  Hellion  
  66  10:52  Hellion x3  
  74  10:58  Hellion  
  76  11:13  Hellion x4  
  76  11:14  Supply Depot  
  84  11:29  Infernal Pre-Igniter  
  84  11:35  Cyclone x4  
  98  11:42  SCV x3  
  101  11:53  Siege Tank  
  102  12:07  Hellion  
  102  12:08  Hellion x2  
  108  12:14  Supply Depot  
  108  12:15  Supply Depot  
  108  12:18  Supply Depot  
  108  12:21  Orbital Command, Supply Depot  
  108  12:22  Supply Depot  
  108  12:36  Hellion x2  
  107  12:57  Hellion  
  109  13:19  Hellion  
Show
View Real Time Build Order
Export as new Build Order

rest Protoss 

Build Orders: 1 Gate Expand 

Get SALT Encoding   

  12  0:16  Probe  
  12  0:17  Pylon  
  13  0:24  Probe  
  14  0:33  Probe  
  14  0:41  Gateway  
  16  0:50  Probe  
  16  0:51  Pylon  
  16  1:24  Nexus  
  16  1:36  Cybernetics Core  
  16  1:40  Probe  
  16  1:44  Assimilator  
  17  1:48  Probe  
  17  1:49  Assimilator  
  18  1:58  Probe  
  19  2:06  Probe  
  19  2:10  Assimilator  
  19  2:14  Probe  
  19  2:15  Assimilator  
  21  2:25  Probe  
  22  2:33  Probe  
  22  2:35  Pylon  
  22  2:37  Probe  
  24  2:41  Probe  
  24  2:49  Probe  
  24  2:51  Probe  
  27  3:01  Probe  
  27  3:03  Probe  
  29  3:18  Pylon  
  29  3:29  Probe  
  29  3:31  Probe  
  31  3:34  Pylon  
  31  3:39  Probe  
  32  3:41  Probe  
  32  3:47  Probe  
  33  3:49  Pylon  
  33  3:53  Probe  
  35  3:57  Probe  
  35  3:58  Protoss Air Weapons Level 1  
  36  4:04  Probe, Stargate  
  36  4:07  Stargate  
  37  4:12  Probe  
  37  4:13  Stargate  
  37  4:20  Probe  
  37  4:23  Probe  
  39  4:31  Probe  
  39  4:35  Probe  
  40  4:43  Probe  
  39  4:53  Probe  
  39  4:54  Void Ray  
  39  4:55  Void Ray  
  48  5:01  Void Ray  
  52  5:11  Probe  
  53  5:27  Void Ray  
  53  5:28  Pylon  
  53  5:30  Void Ray  
  61  6:00  Void Ray  
  65  6:10  Void Ray x2  
  69  7:08  Void Ray  
  69  7:09  Void Ray  
  69  7:20  Nexus  
  77  7:23  Pylon  
  77  7:26  Assimilator, Pylon  
  77  7:31  Assimilator, Void Ray  
  77  7:34  Pylon  
  81  7:49  Void Ray  
  53  8:50  Forge  
  53  8:52  Forge  
  53  8:56  Probe  
  53  8:57  Probe  
  53  8:59  Nexus  
  55  9:04  Probe x2  
  55  9:09  Probe  
  58  9:14  Probe  
  58  9:16  Probe  
  56  9:20  Forge  
  56  9:21  Probe  
  57  9:26  Probe, Pylon  
  57  9:28  Probe, Pylon  
  59  9:33  Probe  
  59  9:38  Probe  
  61  9:41  Probe  
  61  9:43  Nexus  
  62  9:45  Probe  
  62  9:49  Photon Cannon  
  62  9:50  Photon Cannon  
  62  9:52  Photon Cannon  
  63  9:53  Probe  
  63  9:54  Photon Cannon  
  63  9:56  Photon Cannon x2  
  63  9:58  Photon Cannon  
  64  10:00  Photon Cannon  
  64  10:02  Photon Cannon  
  64  10:06  Photon Cannon  
  64  10:07  Shield Battery  
  64  10:10  Shield Battery  
  64  10:15  Photon Cannon  
  64  10:16  Photon Cannon  
  64  10:20  Photon Cannon  
  59  10:58  Robotics Facility  
  59  10:59  Robotics Facility  
  59  11:01  Robotics Facility  
  59  11:07  Pylon  
  45  11:13  Forge  
  49  11:28  Oracle x3  
  54  11:36  Forge  
  54  12:00  Photon Cannon  
  54  12:01  Photon Cannon  
  54  12:02  Photon Cannon  
  54  12:04  Photon Cannon  
  54  12:05  Photon Cannon  
  54  12:07  Photon Cannon  
  54  12:09  Photon Cannon  
  54  12:10  Photon Cannon  
  54  12:12  Shield Battery  
  54  12:15  Shield Battery  
  54  12:16  Probe  
  54  12:17  Shield Battery  
  54  12:19  Pylon  
  55  12:23  Pylon  
  55  12:28  Probe  
  56  12:40  Probe  
  56  12:43  Robotics Bay  
  56  12:52  Probe  
  56  12:57  Robotics Facility x2  
  57  13:02  Robotics Facility  
  57  13:04  Probe  
Show
View Real Time Build Order
Export as new Build Order

ILIEKEGGPIE Zerg - Winner!

Build Orders: Hatch First 

Get SALT Encoding   

  12  0:01  Drone  
  13  0:09  Drone  
  14  0:17  Extractor  
  14  0:19  Overlord  
  13  0:25  Drone  
  15  0:38  Drone  
  16  0:55  Drone  
  17  0:58  Hatchery  
  17  1:03  Drone  
  17  1:04  Drone  
  18  1:18  Spawning Pool  
  17  1:22  Extractor  
  17  1:24  Drone  
  17  1:26  Drone  
  17  1:30  Drone  
  19  1:40  Drone  
  20  1:57  Overlord  
  20  2:06  Queen  
  22  2:10  Queen  
  22  2:14  Zergling x2  
  22  2:15  Zergling x4  
  27  2:21  Drone  
  28  2:33  Metabolic Boost  
  28  2:48  Drone x4  
  28  2:49  Overlord  
  32  3:01  Drone  
  32  3:02  Drone  
  32  3:04  Drone  
  35  3:07  Extractor, Lair  
  34  3:15  Drone x2  
  33  3:28  Roach Warren  
  33  3:30  Drone x4  
  36  3:38  Drone x2  
  38  3:47  Queen  
  40  3:59  Overlord  
  40  4:05  Drone x2  
  40  4:06  Drone  
  43  4:10  Overlord  
  43  4:15  Overlord x2  
  43  4:17  Queen  
  45  4:30  Hydralisk Den  
  44  4:32  Extractor, Drone x2  
  44  4:34  Extractor, Drone x5  
  49  5:10  Glial Reconstitution  
  49  5:15  Hatchery  
  48  5:29  Overlord, Drone x3  
  48  5:30  Overlord  
  48  5:35  Drone x5  
  56  5:43  Drone x2  
  58  5:52  Spore Crawler  
  58  5:53  Spore Crawler x2  
  58  5:54  Grooved Spines  
  55  6:05  Evolution Chamber x2  
  55  6:07  Overseer  
  53  6:26  Drone x5  
  53  6:28  Drone  
  59  6:33  Queen  
  61  6:47  Roach  
  61  6:49  Zerg Missile Weapons Level 1  
  61  6:50  Zerg Ground Armor Level 1  
  63  6:56  Hydralisk x4, Roach  
  63  6:57  Hydralisk x3, Roach x2  
  63  6:58  Roach x2  
  87  7:06  Muscular Augments  
  87  7:09  Roach  
  87  7:11  Overlord x2  
  89  7:18  Infestation Pit  
  88  7:29  Drone  
  89  7:30  Drone x5  
  89  7:32  Overlord x2  
  89  7:33  Overlord x2  
  94  7:48  Hydralisk  
  94  7:49  Hydralisk x4  
  98  8:10  Hydralisk  
  98  8:11  Hydralisk x10  
  107  8:25  Spore Crawler  
  107  8:26  Spore Crawler  
  105  8:27  Spore Crawler x2  
  105  8:32  Hydralisk x5  
  113  8:44  Hydralisk x5  
  113  8:45  Hydralisk  
  125  9:03  Zerg Missile Weapons Level 2  
  125  9:06  Zerg Ground Armor Level 2  
  125  9:26  Pneumatized Carapace  
  125  9:50  Hydralisk x9  
  125  9:51  Roach  
  145  9:54  Extractor  
  145  9:56  Extractor  
  143  10:08  Queen  
  143  10:10  Hatchery  
  143  10:13  Overlord x3  
  143  10:14  Overlord  
  144  10:31  Queen x2  
  128  10:48  Drone x4  
  128  10:49  Drone x2  
  128  11:41  Overlord x2  
  128  11:42  Overlord  
  128  11:45  Hive  
  128  11:59  Hydralisk x4, Roach  
  128  12:00  Hydralisk x3, Roach x4  
  128  12:01  Hydralisk x3, Roach x4  
  158  12:02  Roach  
  168  12:19  Queen  
  168  12:22  Hydralisk x3, Roach  
  174  12:23  Hydralisk, Roach x4  
  188  12:34  Overlord x2  
Show
View Real Time Build Order
Export as new Build Order

puzan Terran - Winner!

Build Orders:  

Get SALT Encoding   

  12  0:05  SCV  
  13  0:17  SCV  
  14  0:29  SCV  
  14  0:30  Supply Depot  
  15  0:48  Refinery  
  15  0:52  SCV  
  15  0:56  Barracks  
  16  1:02  Barracks  
  17  1:04  SCV  
  17  1:16  SCV  
  18  1:32  SCV  
  19  1:37  Refinery  
  19  1:42  Supply Depot  
  19  1:44  SCV, Barracks Reactor  
  20  1:52  Barracks Reactor  
  20  1:56  SCV  
  21  2:09  SCV  
  22  2:22  Reaper x2  
  24  2:29  Reaper  
  25  2:35  Reaper  
  26  2:47  Command Center  
  26  2:58  Reaper x2  
  28  3:13  Reaper x2  
  28  3:15  SCV  
  31  3:22  Barracks  
  31  3:48  Supply Depot  
  31  3:59  Supply Depot, SCV  
  31  4:02  SCV  
  33  4:14  SCV  
  34  4:21  Marine x3  
  34  4:22  Marine x2  
  38  4:26  SCV  
  37  4:38  SCV  
  37  4:39  Marine x4  
  37  4:40  Marine  
  43  4:50  SCV  
  43  5:11  Marine x3  
  46  5:17  Barracks Tech Lab  
  46  5:20  Bunker  
  46  5:24  SCV  
  46  5:27  Engineering Bay, SCV  
  48  5:36  Marine  
  48  5:37  SCV, Marine x4  
  48  5:38  Combat Shield  
  48  5:39  SCV  
  55  5:52  SCV  
  55  5:54  Marine x2  
  55  5:56  Supply Depot  
  58  5:58  Marine x3  
  58  6:02  Supply Depot  
  58  6:04  SCV  
  62  6:10  Factory  
  62  6:18  SCV, Marine x5  
  68  6:20  Supply Depot  
  68  6:30  SCV  
  60  6:56  SCV  
  61  7:08  SCV  
  57  7:12  Marine x3  
  60  7:20  SCV  
  61  7:27  Engineering Bay  
  61  7:32  SCV  
  61  7:34  Factory Tech Lab  
  61  7:36  Marine x4  
  66  7:43  SCV  
  67  7:44  SCV  
  68  7:52  Supply Depot  
  68  7:55  SCV  
  68  7:58  Marine x4  
  69  8:03  Supply Depot  
  73  8:06  SCV  
  73  8:07  SCV  
  75  8:13  Factory  
  75  8:14  Supply Depot  
  75  8:15  Refinery  
  75  8:18  SCV  
  75  8:19  SCV  
  77  8:30  SCV  
  77  8:31  SCV  
  79  8:41  Marine x4, Reaper  
  79  8:47  Stimpack  
  79  8:48  Terran Infantry Weapons Level 1  
  84  8:59  Refinery, Marine x4  
  84  9:00  Factory Tech Lab  
  88  9:06  Factory  
  88  9:07  Orbital Command  
  88  9:13  Marine  
  88  9:16  Missile Turret  
  88  9:17  Marine x4  
  93  9:27  Command Center  
  93  9:29  Armory  
  93  9:31  Marine  
  93  9:34  Marine  
  93  9:35  Missile Turret, Marine x3  
  98  9:39  Starport  
  98  9:44  Missile Turret  
  98  9:49  Marine  
  98  9:52  Marine x2  
  99  9:53  SCV, Marine x2  
  99  9:56  Missile Turret  
  99  9:58  Factory Tech Lab  
  104  10:02  Factory  
  104  10:03  Missile Turret  
  104  10:05  SCV  
  104  10:06  Marine  
  106  10:10  Marine x3  
  106  10:11  Marine  
  110  10:24  Missile Turret  
  110  10:38  Supply Depot  
  110  10:39  Marine x5  
  115  10:46  Missile Turret  
  113  11:01  Supply Depot  
  111  11:08  Siege Tank x3  
  120  11:11  Factory Tech Lab  
  120  11:16  Planetary Fortress  
  120  11:19  Marine  
  120  11:20  Marine x4  
  120  11:24  Supply Depot  
  125  11:28  Medivac  
  125  11:31  Barracks  
  127  11:37  Marine x2  
  127  11:38  Marine x3  
  132  11:40  Siege Tank  
  132  11:41  Terran Infantry Armor Level 1  
  135  11:53  Orbital Command  
  135  11:55  Marine x3  
  135  11:56  Marine x2  
  135  11:59  Command Center  
  140  12:21  Barracks Tech Lab  
  140  12:24  Marine, Barracks  
  140  12:25  Marine x4  
  145  12:42  Marine x2  
  132  13:24  Marine  
  132  13:25  Marine x6  
Tags
 
Add a new tag
Caveats
  • Supply blocks, unpowered buildings, or Contaminate may cause inaccurate times.
  • Supply counts are checked every 10 seconds.